 Dungeon Crawl Stone Soup version 0.30-b1-2-g02819fbbbe (webtiles) character file.

Game seed: 11046915786515761062

74 Alarkh the Insei (level 4, 0/33 HPs)
             Began as a Demonspawn Warper on May 25, 2023.
             Slain by a gnoll
             ... wielding a +0 flail
              (8 damage)
             ... on level 2 of the Dungeon.
             The game lasted 00:04:22 (1984 turns).

Alarkh the Insei (Demonspawn Warper)                Turns: 1984, Time: 00:04:23

Health: 0/33       AC:  7    Str: 11 (12) XL:     4   Next: 9%
Magic:  7/7        EV: 10    Int: 15 (16) God:
Gold:   175        SH:  0    Dex: 11 (12) Spells: 7/7 levels left

rFire   . .          .
                       - Unarmed
rCold   . . .        (no shield)
rNeg    . . .        m - +0 ring mail
rPois   .            (no helmet)
rElec   .            o - +0 cloak
rCorr   .            (no gloves)
SInv    .            d - +0 pair of boots
Will    .....        (no amulet)
Stlth   +            (no ring)
HPRegen 0.25/turn    (no ring)
MPRegen 0.10/turn

%: no passive effects
@: mighty, flying
A: powered by pain 1
a: no special abilities


You were on level 2 of the Dungeon.
You visited 1 branch of the dungeon, and saw 2 of its levels.

You collected 175 gold pieces.

Inventory:

Hand Weapons
 j - a +1 dagger of electrocution
Missiles
 c - 7 boomerangs of dispersal (quivered)
Armour
 a - a +0 leather armour
 d - a +0 pair of boots (worn)
 g - +0 fire dragon scales
 m - a +0 ring mail (worn)
 o - a +0 cloak (worn)
Jewellery
 q - an amulet of the acrobat
Scrolls
 b - a scroll of blinking
 e - a scroll of teleportation
 h - a scroll of vulnerability {unknown}
 i - a scroll of enchant armour {unknown}
 p - a scroll of immolation {unknown}
 r - a scroll of identify
Potions
 k - a potion of degeneration


   Skills:
 - Level 2.0 Fighting
 - Level 0.8 Throwing
 - Level 0.8 Armour
 - Level 1.7 Dodging
 + Level 4.0 Unarmed Combat
 - Level 2.0 Spellcasting
 - Level 2.6 Translocations


You had 7 spell levels left.
You didn't know any spells.
Your spell library contained the following spells:

 Spells                   Type           Power      Damage    Failure   Level
 Blink                    Tloc           18%        N/A       26%         2
 Lesser Beckoning         Tloc           18%        N/A       26%         2
 Teleport Other           Tloc           9%         N/A       47%         3
 Vhi's Electric Charge    Tloc/Air       10%        N/A       67%         3
 Manifold Assault         Tloc           9%         N/A       87%         4


Dungeon Overview and Level Annotations

Branches:
Dungeon (2/15)

Altars:


Innate Abilities, Weirdness & Mutations

You sometimes gain a little power by taking damage.


Message History

The gnoll barely misses you.
You hit the gnoll.
The gnoll is lightly wounded.
The gnoll closely misses you.
The gnoll hits you from afar with a +0 spear!
You feel very mighty all of a sudden. The gnoll barely misses you.
The gnoll closely misses you.
You punch the gnoll!
The gnoll is severely wounded.
The gnoll closely misses you.
The gnoll hits you from afar with a +0 spear.
* * * LOW HITPOINT WARNING * * *
You barely miss the gnoll.
The gnoll is severely wounded.
The gnoll hits you but does no damage.
The gnoll hits you from afar with a +0 spear.
* * * LOW HITPOINT WARNING * * *
You feel better. The gnoll hits you with a +0 club.
The gnoll barely misses you.
You closely miss the gnoll.
The gnoll is severely wounded.
The gnoll hits you but does no damage. x2
You punch the gnoll!
You kill the gnoll!
The gnoll barely misses you. The gnoll hits you with a +0 spear.
* * * LOW HITPOINT WARNING * * *
Things that are here:
a +0 club; a gnoll corpse You barely miss the gnoll.
The gnoll is almost dead.
The gnoll hits you but does no damage.
You punch the gnoll!
You kill the gnoll!
You feel your dexterity returning.
Your Unarmed Combat skill increases to level 4!
You have reached level 4!
You feel stronger.
You closely miss the gnoll. The gnoll hits you with a +0 flail!
You die...

#....#.#######.#.)#
#######.#######.##.#
... #.#..........#
#.# #.#######.####
#g# ##.# #.......
#.# #..# #.#.##.#
#.# #.## #.#.....
#.####.######.####.#
#.g@...[....#.#....#
###########.#.#....#
#.#.###.##
#.#......†
#.####.### #......#
# ######## # # #


You could see a gnoll.

Vanquished Creatures
  2 gnolls (D:2)
  An adder (D:2)
  A dart slug (D:2)
  6 ball pythons
  4 endoplasms
  3 giant cockroaches
  3 goblins
  5 hobgoblins
  3 kobolds
  3 quokkas
  5 bats
  3 frilled lizards
  3 rats
42 creatures vanquished.

Notes
Turn   | Place    | Note
-------+----------+-------------------------------------------
     0 | D:1      | Alarkh the Demonspawn Warper began the quest for the Orb.
     0 | D:1      | Reached XP level 1. HP: 16/16 MP: 3/3
   148 | D:1      | Reached skill level 2 in Unarmed Combat
   303 | D:1      | Gained mutation: You sometimes gain a little power by
                  | taking damage. [demonic ancestry]
   303 | D:1      | Reached XP level 2. HP: 19/22 MP: 5/5
   648 | D:1      | Reached skill level 3 in Unarmed Combat
  1147 | D:2      | Reached XP level 3. HP: 27/27 MP: 6/6
  1984 | D:2      | Reached skill level 4 in Unarmed Combat
  1984 | D:2      | Reached XP level 4. HP: 8/33 MP: 7/7
  1984 | D:2      | Slain by a gnoll

Illustrated notes

Levels and vault maps discovered:
D:1:      amcnicky_arrival_double_pillar, layout_loops_ring
D:2:      layout_basic, corner_web_ring, uniq_jessica

Skill      XL: |  1  2  3 |
---------------+----------+-----
Unarmed Combat | 2 3 4 |  4.0
Fighting       | |  2.0
Throwing       | |  0.8
Armour         | |  0.8
Dodging        | |  1.7
Spellcasting   | |  2.0
Translocations | |  2.6

Action                     |  1- 3 |  4- 6 || total
---------------------------+-------+-------++-------
  Melee: Unarmed           |   144 |     1 ||   145
         Punch             |     4 |       ||     4
    Use: Potion            |     6 |       ||     6
         Scroll            |     3 |       ||     3
 Armour: Leather armour    |    10 |       ||    10
         Fire dragon scale |    19 |       ||    19
         Ring mail         |    34 |       ||    34
  Dodge: Dodged            |    84 |       ||    84
